AoeStats
← Chiripa605

Arena

507074943Analyzed
3v3 RM · 16d ago on Sep 16, 2026· 38m 23s· 6 players
Game mode
Random Map
Map size
Normal (6 player)
Population
200
Speed
Normal
Resources
Standard
Victory
Conquest
Starting age
Dark Age
Ending age
Imperial Age
RankedLock teamsTeams togetherTeam positionsShared explorationLock speedFull tech treeHidden civsTurbo modeCheats
Victory
Defeat
🇨🇳 Mongols · China
1311
+13
🇨🇳 Persians · China
1306
+13
🇻🇳 Teutons · Vietnam
1258
+14
🇺🇸 Shu · United States
1255
-14
🇩🇪 Slavs · Germany
1231
-13
🇲🇽 Aztecs · Mexico
1228
-13
billynguyen1920
6:56 Loom
9:20 Feudal Age
9:10 Loom
10:33 Double-Bit Axe
11:07 Fletching
16:35 Horse Collar
24:46 Castle Age
22:50 Gold Mining
22:52 Stone Mining
25:53 Bow Saw
25:45 Heavy Plow
30:29 Imperial Age
28:52 Wheelbarrow
28:48 Forging
30:11 Hand Cart
30:59 Squires
32:15 Conscription
33:25 Two-Man Saw
33:52 Crop Rotation
36:00 Scale Mail Armor
36:38 Iron Casting
36:56 Bodkin Arrow
37:02 Padded Archer Armor
37:00 Town Watch
38:35 Chemistry
37:56 Ballistics
37:47 Masonry
37:49 Town Patrol
木某人
10:15 Feudal Age
13:53 Castle Age
11:47 Double-Bit Axe
12:08 Horse Collar
22:06 Wheelbarrow
22:20 Town Watch
23:54 Stone Mining
23:57 Gold Mining
24:45 Fortified Wall
24:54 Bow Saw
24:48 Heavy Plow
25:29 Hand Cart
29:10 Imperial Age
26:48 Fletching
27:15 Loom
28:04 Ballistics
28:17 Bodkin Arrow
28:28 Husbandry
28:44 Bloodlines
27:55 Light Cavalry
29:20 Elite Mangudai
30:21 Conscription
30:14 Bracer
30:46 Thumb Ring
31:46 Chemistry
30:21 Capped Ram
31:15 Padded Archer Armor
31:23 Hussar
32:36 Leather Archer Armor
32:42 Scale Barding Armor
32:49 Nomads
34:16 Chain Barding Armor
36:15 Forging
36:16 Onager
39:24 Iron Casting
鸡蛋打
9:37 Feudal Age
13:27 Castle Age
11:35 Double-Bit Axe
11:49 Horse Collar
13:55 Wheelbarrow
21:45 Bow Saw
23:26 Heavy Plow
23:43 Gold Mining
24:12 Loom
25:53 Hand Cart
26:27 Scale Barding Armor
27:20 Gold Shaft Mining
26:58 Stone Mining
30:05 Imperial Age
27:50 Forging
28:26 Chain Barding Armor
28:54 Bloodlines
28:45 Husbandry
29:21 Iron Casting
30:23 Stone Shaft Mining
30:58 Plate Barding Armor
30:47 Conscription
31:56 Blast Furnace
32:03 Two-Man Saw
31:43 Crop Rotation
32:02 Elite War Elephant
35:00 Devotion
dl_king
10:53 Feudal Age
10:20 Loom
12:20 Fletching
17:40 Double-Bit Axe
17:38 Horse Collar
22:51 Castle Age
20:50 Stone Mining
20:52 Gold Mining
22:34 Forging
22:24 Scale Mail Armor
23:04 Wheelbarrow
25:06 Heavy Plow
27:03 Bow Saw
27:30 Gold Shaft Mining
27:37 Stone Shaft Mining
28:56 Town Watch
30:58 Hand Cart
35:32 Imperial Age
32:52 Pikeman
33:33 Squires
33:20 Arson
33:42 Gambesons
34:38 Iron Casting
34:18 Chain Mail Armor
34:29 Fortified Wall
34:41 Ballistics
37:46 Blast Furnace
37:17 Plate Mail Armor
Chiripa605
8:29 Loom
11:11 Feudal Age
12:12 Double-Bit Axe
15:21 Castle Age
13:31 Horse Collar
16:34 Bow Saw
20:42 Town Watch
21:49 Heavy Plow
22:52 Wheelbarrow
23:52 Hand Cart
24:03 Gold Mining
29:09 Imperial Age
26:41 Stone Mining
27:11 Fletching
27:44 Ballistics
28:59 Gold Shaft Mining
27:49 Crossbowman
29:36 Thumb Ring
29:48 Bodkin Arrow
31:01 Two-Man Saw
29:47 Arbalester
31:03 Conscription
31:08 Bracer
31:09 Padded Archer Armor
32:07 Bolt Magazine
33:46 Chemistry
33:22 Leather Archer Armor
Jonas
11:07 Feudal Age
15:35 Castle Age
15:09 Double-Bit Axe
15:12 Horse Collar
23:43 Gold Mining
24:21 Loom
25:29 Wheelbarrow
29:29 Imperial Age
28:05 Bow Saw
28:11 Man-at-Arms
28:51 Squires
28:56 Long Swordsman
30:17 Hand Cart
30:05 Scale Mail Armor
30:15 Forging
29:28 Pikeman
30:10 Halberdier
31:31 Conscription
31:28 Heavy Plow
31:34 Two-Handed Swordsman
32:53 Capped Ram
34:21 Detinets
Connection lost

Rejoining the realm…

Still unreachable

The connection could not be restored.

Session expired

The server has moved on; the page needs a fresh start.